 Dungeon Crawl Stone Soup version 0.18-a0-1577-gf591c28 (webtiles) character file.

179 poirepourri the Chiller (level 5, -4/36 HPs)
             Began as a Merfolk Ice Elementalist on Mar 17, 2016.
             Slain by a gnoll
             ... wielding a +0 halberd
              (5 damage)
             ... on level 3 of the Dungeon.
             The game lasted 00:07:41 (4025 turns).

poirepourri the Chiller (Merfolk Ice Elementalist)  Turns: 4025, Time: 00:07:41

Health: -4/36      AC:  9    Str:  8    XL:     5   Next: 59%
Magic:  0/9        EV: 13    Int: 15    God:
Gold:   162        SH:  0    Dex: 15    Spells: 2 memorised, 7 levels left

rFire  . . .     SeeInvis .     m - +1 halberd
rCold  + . .     Gourm    +     a - +0 robe
rNeg   . . .     Faith    .     (shield currently unavailable)
rPois  .         Spirit   .     (no helmet)
rElec  .         Dismiss  .     h - +2 cloak
rCorr  .         Reflect  .     i - +0 pair of gloves
SustAt .         Harm     .     d - +2 pair of boots
MR     .....                    k - amulet of the gourmand
Stlth  +.........               (no ring)
                                f - ring of protection from cold

@: very slightly contaminated, hasted, glowing, very quick, not resistant to
hostile enchantments, very unstealthy
A: change form in water, swift swim
a: no special abilities


You were on level 3 of the Dungeon.
You were not hungry.

You visited 1 branch of the dungeon, and saw 3 of its levels.

You collected 162 gold pieces.

Inventory:

Hand Weapons
 m - a +1 halberd (weapon)
Armour
 a - a +0 robe (worn)
 d - a +2 pair of boots (worn)
 h - a +2 cloak (worn)
 i - a +0 pair of gloves (worn)
Jewellery
 f - a ring of protection from cold (left hand)
 k - an amulet of the gourmand (around neck)
Scrolls
 l - a scroll of teleportation
 o - a scroll of remove curse {unknown}
Potions
 e - a potion of might
 g - a potion of agility {unknown}
Books
 b - a book of Frost

   Spells                             Type                      Level
   a - Freeze                         Ice                          1
   b - Throw Frost                    Conjuration/Ice              2
   c - Ozocubu's Armour               Charms/Ice                   3
   d - Throw Icicle                   Conjuration/Ice              4
   e - Summon Ice Beast               Ice/Summoning                4
Comestibles
 c - 3 bread rations
 n - 3 meat rations
 p - a royal jelly
 q - 4 fruits


   Skills:
 + Level 0.4 Fighting
 + Level 0.4 Polearms
 + Level 3.3 Dodging
 + Level 2.9 Stealth
 + Level 3.3 Spellcasting
 + Level 0.7 Conjurations
 + Level 5.1 Ice Magic


You had 7 spell levels left.
You knew the following spells:

 Your Spells              Type           Power        Failure   Level  Hunger
a - Freeze                Ice            ###.         2%          1    #......
b - Throw Frost           Conj/Ice       ##....       12%         2    ##.....


Dungeon Overview and Level Annotations

Branches:
Dungeon (3/15)

Altars:
Fedhas


Message History

The gnoll shaman is lightly wounded.
The gnoll barely misses you.
The gnoll shaman invokes the aid of its god against you.
You are outlined in light.
You closely miss the gnoll shaman.
The gnoll shaman is lightly wounded.
The gnoll misses you. The gnoll shaman hits you with a whip.
The gnoll hits you from afar with a halberd!
* * * LOW HITPOINT WARNING * * *
Drink which item? (? for menu, Esc to quit)
It was a potion of haste.
You feel yourself speed up. The gnoll shaman hits you with a whip.
* * * LOW HITPOINT WARNING * * *
The gnoll hits you but does no damage.
You are very lightly contaminated with residual magic.
Drink which item? (? for menu, Esc to quit)
You feel better. The gnoll shaman hits you with a whip.
* * * LOW HITPOINT WARNING * * *
The gnoll hits you from afar with a halberd.
You die...

≈≈≈≈≈≈≈≈≈≈≈≈≈≈....≈≈≈≈≈≈≈≈≈≈≈≈≈≈≈
≈≈≈≈≈≈≈≈≈≈≈g≈≈....≈≈≈≈≈≈≈≈≈≈≈≈≈≈≈
...........g.....................
###############..##########†#####
##.# #g# #g# #.# #g# ####.#####
#g#######.........
#@##........(.####
#.##.####.##..# ..##.#....##..#
#####...÷..##..# #......##..#
#......##..# #.#........#
#......###. ##.÷###.### ###


You could see a gnoll shaman and 2 gnolls.

Vanquished Creatures
  A gnoll shaman (D:3)
  2 gnolls (D:3)
  7 adders
  An ooze (D:3)
  A dart slug (D:3)
  4 giant geckos
  2 giant cockroaches (D:3)
  5 goblins
  2 hobgoblins
  12 jackals (D:3)
  A quokka (D:3)
  3 ball pythons
  5 bats
  4 giant newts
  4 kobolds
  6 rats
60 creatures vanquished.

Notes
Turn   | Place    | Note
--------------------------------------------------------------
     0 | D:1      | poirepourri the Merfolk Ice Elementalist began the quest for the Orb.
     0 | D:1      | Reached XP level 1. HP: 13/13 MP: 3/3
   501 | D:1      | Reached XP level 2. HP: 13/19 MP: 1/5
   572 | D:1      | Learned a level 2 spell: Throw Frost
  1235 | D:2      | Reached skill level 4 in Ice Magic
  1235 | D:2      | Reached XP level 3. HP: 8/24 MP: 0/6
  2094 | D:3      | Found a blossoming altar of Fedhas.
  2510 | D:3      | Reached XP level 4. HP: 23/30 MP: 0/8
  3457 | D:3      | Reached XP level 5. HP: 21/35 MP: 0/9
  4017 | D:3      | Reached skill level 5 in Ice Magic
  4025 | D:3      | HP: 1/36 [gnoll shaman/whip (6)]
  4025 | D:3      | Slain by a gnoll

Vault maps used:
D:1:      lemuel_arrival_behind_the_door_small, minmay_crystal_room,
          serial_bayou_pond_e, st_stairs_6
D:2:      grunt_decor_fettered, minmay_misc_feat_x
D:3:      lemuel_castle_with_subvaults, overflow_temple_1_default, first_bread

Skill      XL: |  1  2  3  4  5 |
---------------+----------------+-----
Dodging        | 3 |  3.3
Ice Magic      | 4 5 |  5.1
Spellcasting   | 3 |  3.3
Fighting       | |  0.4
Polearms       | |  0.4
Stealth        | |  2.9
Conjurations   | |  0.7

Action                   |  1- 3 |  4- 6 || total
-------------------------+-------+-------++-------
Melee: Unarmed           |     8 |       ||     8
       Halberd           |       |    14 ||    14
 Cast: Freeze            |    52 |    57 ||   109
       Throw Frost       |     3 |       ||     3
  Use: Scroll            |     7 |     1 ||     8
       Potion            |     1 |     2 ||     3
  Eat: Bread ration      |     2 |       ||     2
       Meat ration       |       |     1 ||     1
